 Dungeon Crawl Stone Soup version 0.29-a0-841-g116ddc6ace (webtiles) character file.

Game seed: 17885189245971705084

30 jimonade the Shield-Bearer (level 3, -5/29 HPs)
             Began as a Formicid Fighter on July 14, 2022.
             Slain by Terence
             ... wielding a +1 hand axe of electrocution
              (6 damage)
             ... on level 2 of the Dungeon.
             The game lasted 00:02:13 (1704 turns).

jimonade the Shield-Bearer (Formicid Fighter)       Turns: 1704, Time: 00:02:14

Health: -5/29      AC:  6    Str: 20    XL:     3   Next: 37%
Magic:  4/4        EV:  9    Int:  9    God:
Gold:   37         SH:  5    Dex: 13    Spells: 4/4 levels left

rFire   . . .      SeeInvis +   a - +0 long sword
rCold   . . .      Faith    .   c - +0 buckler
rNeg    . . .      Spirit   .   o - +0 scale mail
rPois   .          Reflect  .   (helmet unavailable)
rElec   .          Harm     .   (no cloak)
rCorr   .          Rampage  .   (no gloves)
Will    .....                   (no boots)
Stlth   ..........              (no amulet)
HPRegen 0.09/turn               (no ring)
MPRegen 0.09/turn               (no ring)

@: no status effects
A: permanent stasis, dig shafts and tunnels, antennae 3, four strong arms
a: Dig, Shaft Self


You were on level 2 of the Dungeon.
You visited 1 branch of the dungeon, and saw 2 of its levels.

You collected 37 gold pieces.

Inventory:

Hand Weapons
 a - a +0 long sword (weapon)
 b - a +3 sling
Missiles
 l - 21 stones
Armour
 c - a +0 buckler (worn)
 o - a +0 scale mail (worn)
Wands
 p - a wand of mindburst (19)
Scrolls
 g - a scroll of enchant armour {unknown}
 i - a scroll of magic mapping {unknown}
 k - a scroll of amnesia {unknown}
 n - a scroll of torment {unknown}
Potions
 d - a potion of might
 e - a potion of cancellation {unknown}
 f - a potion of heal wounds {unknown}
 h - 2 potions of curing {unknown}
 j - a potion of ambrosia {unknown}
 m - 2 potions of degeneration {unknown}


   Skills:
 * Level 3.5 Fighting
 + Level 2.5 Long Blades
 + Level 3.5 Armour
 + Level 0.3 Stealth
 + Level 4.1 Shields
 * Level 1.1 Spellcasting


You had 4 spell levels left.
You didn't know any spells.
Your spell library contained the following spells:

 Spells                   Type           Power      Damage    Failure   Level
 Magic Dart               Conj           0%         1d3       77%         1
 Searing Ray              Conj           0%         2d4       88%         2
 Fulminant Prism          Conj/Hex       0%         3d6       100%        4


Dungeon Overview and Level Annotations

Branches:
Dungeon (2/15)

Altars:

Annotations:
D:2 Terence


Innate Abilities, Weirdness & Mutations

You cannot be hasted, slowed, berserked, paralysed or teleported.
You can dig through walls and to a lower floor.
You have a pair of large antennae on your head. (SInv)
Your four strong arms can wield two-handed weapons with a shield.


Message History

Terence flickers and vanishes for a moment.
You shoot a sling bullet. The sling bullet hits the goblin.
You kill the goblin!
You shoot a sling bullet. The sling bullet hits Terence.
Terence is lightly wounded.
You shoot a sling bullet. The sling bullet hits Terence.
Terence is lightly wounded.
A giant cockroach comes into view.
The giant cockroach moves out of view.
You shoot a sling bullet. The sling bullet hits Terence!
Terence is heavily wounded.
a - a +0 long sword (weapon)
Terence says, "Did you write a will?
You should..."
Terence hits you with a +1 hand axe of electrocution!
You are electrocuted!
You are too injured to fight recklessly!
You are too injured to fight recklessly!
Unknown command.
You closely miss Terence.
Terence is heavily wounded.
Terence screams, "I'm going to kill you!"
Terence hits you with a +1 hand axe of electrocution.
You barely miss Terence.
Terence is heavily wounded.
Terence closely misses you.
You hit Terence but do no damage.
Terence is heavily wounded.
You block Terence's attack.
You barely miss Terence.
Terence is heavily wounded.
Terence hits you with a +1 hand axe of electrocution!
* * * LOW HITPOINT WARNING * * *
Terence misses you.
You hit Terence but do no damage.
Terence is heavily wounded.
Terence completely misses you.
You barely miss Terence.
Terence is heavily wounded.
Terence hits you with a +1 hand axe of electrocution.
You die...

#######
#@@...#
.......###.#
.)...#. #.#
.... #. #.#
.#. #. #.# #.
#. #.# # #.
#.# #. #.#.#.#
...#.###.#.#.#


You could see Terence (invisible).

Vanquished Creatures
  2 worms (D:2)
  4 endoplasms (D:1)
  3 giant cockroaches (D:1)
  2 goblins
  5 ball pythons
  3 bats (D:1)
  2 kobolds (D:1)
  3 rats (D:1)
24 creatures vanquished.

Notes
Turn   | Place    | Note
-------+----------+-------------------------------------------
     0 | D:1      | jimonade the Formicid Fighter began the quest for the Orb.
     0 | D:1      | Reached XP level 1. HP: 18/18 MP: 1/1
   216 | D:1      | Reached XP level 2. HP: 22/24 MP: 2/2
   530 | D:1      | Found Milan's Antique Weapon Shop.
  1266 | D:1      | Reached XP level 3. HP: 28/29 MP: 4/4
  1531 | D:2      | Reached skill level 1 in Spellcasting
  1693 | D:2      | Noticed Terence
  1702 | D:2      | HP: 1/29 [Terence/+1 hand axe of electrocution (8)]
  1704 | D:2      | Slain by Terence

Illustrated notes

Levels and vault maps discovered:
D:1:      lemuel_arrival_room, layout_basic, serial_shops,
          nicolae_shop_statue_plus, minivault_5
D:2:      layout_basic, basic_altar, grunt_ministairs_13,
          minmay_misc_feat_rugged, uniq_sigmund, uniq_terence

Skill      XL: |  1  2  3 |
---------------+----------+-----
Spellcasting   | 1 |  1.1
Fighting       | |  3.5
Long Blades    | |  2.5
Armour         | |  3.5
Stealth        | |  0.3
Shields        | |  4.1

Action                   || total
-------------------------++-------
Melee: Long sword        ||    79
 Fire: Sling             ||    16
Armor: Scale mail        ||    41
Dodge: Dodged            ||    47
Block: Buckler           ||    21

Table legend: (Time is in decaauts)
 A = Elapsed time spent in this place.
 B = Non-inter-level travel time spent in this place.
 C = Inter-level travel time spent in this place.
 D = Time resting spent in this place.
 E = Time spent auto-exploring this place.
 F = Levels seen in this place.
 G = Mean time per level.
                   A        B        C        D        E       F      G
               +--------+--------+--------+--------+--------+-----+--------+
         Total |   1735 |   1603 |    132 |    130 |   1159 |   2 |  867.5 |
       Dungeon |   1735 |   1603 |    132 |    130 |   1159 |   2 |  867.5 |
               +--------+--------+--------+--------+--------+-----+--------+

Top non-repeatable levels by time:
     D:1: 1540 daAuts
     D:2: 194 daAuts
